 Dungeon Crawl Stone Soup version 0.25-a0-713-g4845790874 (webtiles) character file.

Game seed: 12862799998788085174, levelgen mode: deterministic

18402 CryoSword the Markscentaur (level 12, -2/105 HPs)
             Began as a Centaur Hunter on Apr 5, 2020.
             Was an Elder of Fedhas.
             Slain by a black mamba (12 damage)
             ... on level 2 of the Lair of Beasts.
             The game lasted 00:50:23 (19513 turns).

CryoSword the Markscentaur (Centaur Hunter)        Turns: 19513, Time: 00:50:24

Health: -2/105     AC:  8    Str: 16    XL:     12   Next: 27%
Magic:  0/18       EV: 12    Int: 13    God:    Fedhas [****..]
Gold:   574        SH:  0    Dex: 11    Spells: 10/11 levels left

rFire    . . .     SeeInvis .   b - +5 spear
rCold    + + .     Gourm    .   (no shield)
rNeg     . . .     Faith    .   j - +2 robe {rC+ rF+}
rPois    .         Spirit   +   I - +1 hat {MR+}
rElec    .         Reflect  .   (no cloak)
rCorr    .         Harm     .   n - +0 pair of gloves
MR       +....                  (no barding)
Stlth    +.........             F - amulet of guardian spirit
HPRegen  0.27/turn              g - +3 ring of slaying {=R}
MPRegen  0.16/turn              O - ring of ice

@: lethally poisoned (-2 -> -8), very quick
A: large, hooves 3, deformed body, speed 2, tough skin 3
a: Wall of Briars, Grow Ballistomycete, Overgrow, Renounce Religion


You were on level 2 of the Lair of Beasts.
You worshipped Fedhas.
Fedhas was greatly pleased with you.
You were very hungry.

You visited 2 branches of the dungeon, and saw 13 of its levels.
You also visited: Ossuary.

You collected 742 gold pieces.
You spent 168 gold pieces at shops.

Inventory:

Hand Weapons
 a - a +4 shortbow
   (You took it off a centaur on level 7 of the Dungeon)
 b - a +5 spear (weapon)
   (You took it off a wight on level 6 of the Dungeon)
 H - a +0 halberd of venom
   (You took it off a gnoll on level 8 of the Dungeon)
Missiles
 d - 146 arrows
 q - a throwing net (quivered)
 r - 45 poisoned darts
 E - 6 atropa-tipped darts
Armour
 j - a +2 robe of resistance (worn)
   (You took it off a wight on level 6 of the Dungeon)
 n - a +0 pair of gloves (worn)
   (You found it on level 3 of the Dungeon)
 I - a +1 hat of magic resistance (worn)
   (You took it off Gastronok on level 8 of the Dungeon)
Jewellery
 e - an uncursed ring of ice
   (You took it off Fannar on level 2 of the Lair of Beasts)
 g - a +3 ring of slaying (left hand) {=R}
   (You found it on level 1 of the Lair of Beasts)
 F - an amulet of guardian spirit (around neck)
   (You found it on level 5 of the Dungeon)
 O - a ring of ice (right hand)
   (You found it on level 1 of the Lair of Beasts)
Wands
 o - a wand of digging (4)
   (You found it on level 2 of the Dungeon)
 K - a wand of iceblast (10)
   (You found it on level 8 of the Dungeon)
 L - a wand of paralysis (5)
   (You found it on level 8 of the Dungeon)
Scrolls
 k - 3 scrolls of enchant armour {unknown}
 l - 4 scrolls of remove curse {@r2}
 m - 8 scrolls of identify {@r1}
 p - a scroll of amnesia {unknown}
 s - 2 scrolls of enchant weapon {unknown}
 t - 6 scrolls of teleportation {@r4}
 w - 2 scrolls of immolation {unknown}
 x - 2 scrolls of fog {unknown}
 y - 3 scrolls of fear {unknown}
 D - a scroll of random uselessness {unknown}
Potions
 c - a potion of invisibility {unknown}
 h - 9 potions of curing {@q1}
 i - 4 potions of haste {unknown}
 u - a potion of might {unknown}
 v - a potion of berserk rage {unknown}
 z - a potion of brilliance {unknown}
 A - 3 potions of lignification {!q}
 B - 2 potions of flight {unknown}
 G - a potion of cancellation {unknown}
 J - 2 potions of heal wounds {unknown}
 P - a potion of stabbing {unknown}
Comestibles
 f - 26 rations {!d}


   Skills:
 + Level 9.5 Fighting
 + Level 5.9 Polearms
 * Level 16.6 Bows
 - Level 5.0 Dodging
 - Level 0.4 Stealth
 + Level 3.0 Translocations
 + Level 9.0 Invocations


You had 10 spell levels left.
You knew the following spells:

 Your Spells              Type           Power        Failure   Level  Hunger
a - Apportation           Tloc           #.....       9%          1    ##.....

Your spell library contained the following spells:

 Spells                   Type           Power        Failure   Level  Hunger
 Animate Skeleton         Necr           N/A          30%         1    ##.....
 Corona                   Hex            #......      30%         1    ##.....
 Summon Small Mammal      Summ           #...         30%         1    ##.....
 Poisonous Vapours        Pois/Air       #.....       43%         2    ###....
 Conjure Flame            Conj/Fire      #.......     67%         3    ####...
 Mephitic Cloud           Conj/Pois/Air  #.......     67%         3    ####...
 Freezing Cloud           Conj/Ice/Air   #.........   100%        6    #######
 Ring of Flames           Chrm/Fire      #.........   100%        7    #######


Dungeon Overview and Level Annotations

Branches:
Dungeon (10/15)            Temple (0/1) D:7            Lair (3/6) D:10
Ossuary (visited)
  Swamp: Lair:2-4    Shoals: Lair:2-4     Snake: Lair:2-4    Spider: Lair:2-4
    Orc: D:9-12

Altars:
Ashenzari
Elyvilon
Fedhas
Hepliaklqana
Nemelex Xobeh
Trog
Wu Jian
Xom
Yredelemnul

Shops:
D:4 *

Annotations:
D:4 2 transporters, Anaz's ghost, amateur DgAE


Innate Abilities, Weirdness & Mutations

You have hooves in place of feet.
Armour fits poorly on your strangely shaped body.
You cover ground very quickly.
You have extremely tough skin. (AC +3)


Message History

Firing (i - inventory. (/) - cycle)
d - 147 arrows (quivered)
Aim: a porcupine You shoot an arrow.
The arrow hits the porcupine!
Firing (i - inventory. (/) - cycle)
d - 146 arrows (quivered)
Aim: a porcupine (heavily wounded)
You shoot an arrow. The arrow hits the porcupine!
You kill the porcupine!
Fedhas accepts your kill.
Your Invocations skill increases to level 9!
No target in view!
No target in view!
Found a short sword.
Found 4 javelins.
b - a +5 spear (weapon)
d - 146 arrows (gained 1)
f - 26 rations {!d} (gained 1) Done exploring.
Done exploring.
Done exploring.
There is a stone staircase leading down here.
You climb downwards.
Found a falchion.
Found an escape hatch in the ceiling.
There is a stone staircase leading up here.
A porcupine comes into view.
You hit the porcupine. The porcupine bites you!
You are struck by the porcupine's spines.
You puncture the porcupine!
You kill the porcupine!
Fedhas accepts your kill.
No target in view!
No target in view!
A spiny frog comes into view.
A spiny frog is nearby!
The spiny frog croaks.
You walk carefully through the plants.
A water moccasin comes into view.
The water moccasin hisses angrily.
You hit the spiny frog. You kick the spiny frog.
The spiny frog barely misses you.
You hit the spiny frog.
You kick the spiny frog, but do no damage.
The spiny frog stings you!
You hit the spiny frog.
You kick the spiny frog, but do no damage.
The spiny frog stings you.
You hit the spiny frog. Your kick misses the spiny frog.
The spiny frog stings you but does no damage.
You hit the spiny frog but do no damage.
The spiny frog barely misses you. The water moccasin closely misses you.
You puncture the spiny frog! The spiny frog closely misses you.
The water moccasin bites you.
You hit the spiny frog. The spiny frog stings you.
The water moccasin misses you.
You hit the spiny frog. Your kick misses the spiny frog.
The spiny frog stings you!
You hit the spiny frog. The spiny frog stings you!
You are poisoned.
The spiny frog poisons you!
You barely miss the spiny frog. Your kick misses the spiny frog.
You feel sick. The spiny frog stings you.
You hit the spiny frog but do no damage.
The spiny frog stings you!
You puncture the spiny frog! Your kick misses the spiny frog.
You feel sick. The spiny frog stings you!
* * * LOW HITPOINT WARNING * * *
You feel sick.
There is a stone staircase leading up here.
You feel sick. The spiny frog closely misses you.
You climb upwards.
You feel sick.
There is a stone staircase leading down here.
You are too injured to fight recklessly!
You hit the spiny frog.
You kill the spiny frog!
Fedhas accepts your kill.
Your Translocations skill increases to level 3!
You feel sick.
You see here a spiny frog corpse.
You start resting.
You feel sick. x11
You are no longer poisoned.
You start resting.
You start resting.
You are feeling hungry.
You start resting.
You are feeling very hungry.
You start resting.
There is a stone staircase leading down here.
You climb downwards.
The water moccasin hisses angrily.
There is a stone staircase leading up here.
You miss the water moccasin. Your kick misses the water moccasin.
The water moccasin misses you. The water moccasin closely misses you.
You hit the water moccasin. The water moccasin bites you.
You puncture the water moccasin! The water moccasin bites you!
You puncture the water moccasin! Your kick misses the water moccasin.
The water moccasin bites you but does no damage.
You closely miss the water moccasin. Your kick misses the water moccasin.
The water moccasin closely misses you.
You barely miss the water moccasin. The water moccasin bites you.
A black mamba comes into view.
The black mamba hisses angrily.
You puncture the water moccasin! Your kick misses the water moccasin.
The water moccasin barely misses you.
You closely miss the water moccasin. The water moccasin closely misses you.
The water moccasin bites you.
You are poisoned.
The water moccasin poisons you!
You hit the water moccasin.
You kill the water moccasin!
Fedhas accepts your kill.
You feel sick.
You feel sick.
You barely miss the black mamba.
You feel sick. The black mamba bites you.
You hit the black mamba.
The black mamba bites you but does no damage.
The black mamba bites you.
You closely miss the black mamba. Your kick misses the black mamba.
You feel sick. The black mamba bites you!
You are more poisoned.
The black mamba poisons you!
You feel sick. The black mamba barely misses you.
The black mamba closely misses you.
You climb upwards.
You feel sick.
There is a stone staircase leading down here.
The floor.
You puncture the black mamba!
You feel sick. The black mamba bites you! x2
* * * LOW HITPOINT WARNING * * *
You hit the black mamba but do no damage.
You kick the black mamba!
You feel sick. The black mamba closely misses you.
You miss the black mamba.
You feel sick. The black mamba closely misses you.
You hit the black mamba but do no damage.
You feel sick. The black mamba barely misses you. The black mamba bites you!
* * * LOW HITPOINT WARNING * * *
You are more poisoned.
The black mamba poisons you!
A briar patch grows up from the ground. x7; You feel slightly more hungry.
You feel very sick.
The black mamba bites you but does no damage.
The black mamba bites you.
* * * LOW HITPOINT WARNING * * *
You walk carefully through the plants.
* * * LOW HITPOINT WARNING * * *
You feel very sick. The black mamba bites you!
* * * LOW HITPOINT WARNING * * *
You feel better. The black mamba bites you!
* * * LOW HITPOINT WARNING * * *
You are poisoned.
The black mamba poisons you! The black mamba bites you!
You die...
Fedhas appreciates your contribution to the ecosystem.

##.............................
#...................[......... #
#.............P...........##..
#####...........#............##..
..####........................#..
.....#...........................
.................................
.................................
................@PP..............
................PSP.#.>..........
................PP...............
.....................#...........
.................................
.................................
...###....................#.#....
P..# #.....................##....
######.....................P.....


You could see a black mamba.

Vanquished Creatures
  Gastronok (D:8)
  Fannar (Lair:2)
  A hydra (Lair:1)
  2 two-headed ogres
  An ugly thing (D:8)
  Psyche (D:7)
  6 spiny frogs
  A gargoyle (D:10)
  A rime drake (Lair:2)
  A komodo dragon (Lair:2)
  A troll (D:9)
  5 blink frogs (Lair:2)
  Prince Ribbit (D:8)
  2 hippogriffs
  Sigmund (D:2)
  8 yaks
  A basilisk (Lair:2)
  A human (D:8)
  A wyvern (Lair:2)
  Grum (D:8)
  4 hogs (D:8)
  7 water moccasins
  4 orc warriors
  6 porcupines
  3 black bears
  An ice beast (D:3)
  2 sky beasts
  A necrophage (D:1)
  3 ogres
  3 wolves (D:7)
  6 centaurs
  5 crocodiles
  An elf zombie (Ossuary)
  12 bullfrogs
  A gnoll sergeant (D:8)
  A scorpion (D:10)
  16 wights
  3 killer bees (D:8)
  4 centaur zombies
  2 bullfrog zombies
  3 crimson imps
  A quasit (D:7)
  7 orc priests
  2 bullfrog skeletons
  3 jellies
  2 hounds
  Jessica (D:2)
  2 iguanas
  11 orc wizards
  3 worker ants
  A big kobold zombie (Ossuary)
  2 mummies (Ossuary)
  A hound skeleton (D:4)
  2 worker ant zombies
  13 gnolls
  11 adders
  2 shadow imps
  4 worms
  5 dart slugs
  2 leopard geckos
  24 orcs
  A ball python (D:5)
  8 bats
  6 giant cockroaches
  2 goblins (D:2)
  4 hobgoblins
  8 jackals
  3 kobolds
  6 quokkas
  5 frilled lizards
  14 hobgoblin zombies (Ossuary)
  2 jackal zombies
  8 kobold zombies (Ossuary)
  6 orc zombies (Ossuary)
  A quokka skeleton (D:8)
  4 rats
  3 rat zombies (Ossuary)
306 creatures vanquished.

Vanquished Creatures (collateral kills)
  A ballistomycete spore (Lair:2)
1 creature vanquished.

Vanquished Creatures (others)
  3 fungi
  2 plants
5 creatures vanquished.

Grand Total: 312 creatures vanquished

Notes
Turn   | Place    | Note
-------+----------+-------------------------------------------
     0 | D:1      | CryoSword the Centaur Hunter began the quest for the Orb.
     0 | D:1      | Reached XP level 1. HP: 17/17 MP: 1/1
   284 | D:1      | Reached XP level 2. HP: 19/24 MP: 2/2
   969 | D:2      | Reached skill level 6 in Bows
  1186 | D:2      | Noticed a necrophage
  1368 | D:1      | Reached XP level 3. HP: 12/30 MP: 3/3
  1803 | D:1      | Reached XP level 4. HP: 35/38 MP: 4/4
  1820 | D:2      | Noticed Jessica
  1827 | D:2      | Killed Jessica
  1827 | D:2      | Reached skill level 7 in Bows
  1904 | D:1      | Killed a necrophage
  1904 | D:1      | Reached XP level 5. HP: 45/45 MP: 5/5
  2074 | D:2      | Reached skill level 8 in Bows
  2362 | D:2      | Noticed Sigmund
  2489 | D:2      | Noticed an ice beast
  2615 | D:2      | Killed Sigmund
  2615 | D:2      | Reached skill level 9 in Bows
  2615 | D:2      | Reached XP level 6. HP: 28/52 MP: 6/6
  3591 | D:3      | Found a white marble altar of Elyvilon.
  3592 | D:3      | Found an ornate altar of the Wu Jian Council.
  3593 | D:3      | Found a basalt altar of Yredelemnul.
  3593 | D:3      | Found a shimmering altar of Xom.
  3605 | D:3      | Became a worshipper of Elyvilon the Healer
  3630 | D:3      | Noticed an ice beast
  3735 | D:3      | Killed an ice beast
  3735 | D:3      | Reached skill level 1 in Invocations
  3735 | D:3      | Reached XP level 7. HP: 17/60 MP: 7/7
  4276 | D:4      | Found a hazy altar of Hepliaklqana.
  4567 | D:4      | Found a transporter.
  4567 | D:4      | Noticed Anaz's ghost (amateur DgAE)
  4570 | D:4      | Found a transporter.
  4834 | D:4      | Reached * piety under Elyvilon
  4856 | D:4      | Found a sand-covered staircase.
  4865 | Ossuary  | Entered an ossuary
  5271 | Ossuary  | Reached skill level 5 in Fighting
  5271 | Ossuary  | Reached skill level 10 in Bows
  5732 | D:4      | Found a sparkling altar of Nemelex Xobeh.
  6180 | D:4      | Reached XP level 8. HP: 26/69 MP: 10/10
  6468 | D:4      | Found Luiphui's Assorted Antiques.
  6473 | D:4      | Bought a scroll labeled VYMEDU XAUXZAY for 29 gold pieces
  6473 | D:4      | Bought a scroll labeled CEZES OLAOGUSU for 29 gold pieces
  6473 | D:4      | Bought a scroll labeled HIGUL ASTROCOMN for 29 gold pieces
  6473 | D:4      | Bought 2 bubbling coppery potions for 52 gold pieces
  6473 | D:4      | Bought a scroll labeled POKATT HORA for 29 gold pieces
  6483 | D:4      | Found a blossoming altar of Fedhas.
  6510 | D:4      | Fell from the grace of Elyvilon
  6510 | D:4      | Became a worshipper of Fedhas Madash
  6580 | D:5      | Entered Level 5 of the Dungeon
  7289 | D:5      | Reached skill level 11 in Bows
  8899 | D:7      | Reached * piety under Fedhas
  9208 | D:7      | Found a staircase to the Ecumenical Temple.
  9454 | D:7      | Reached skill level 12 in Bows
  9523 | D:7      | Found a bloodstained altar of Trog.
  9571 | D:7      | Noticed a two-headed ogre
  9615 | D:7      | Killed a two-headed ogre
  9615 | D:7      | Reached skill level 5 in Invocations
  9615 | D:7      | Reached XP level 9. HP: 78/78 MP: 12/12
 10453 | D:8      | Noticed Psyche
 10453 | D:8      | Noticed Gastronok
 10963 | D:8      | Noticed Prince Ribbit
 11349 | D:7      | Reached skill level 13 in Bows
 11603 | D:8      | Reached skill level 1 in Polearms
 11613 | D:7      | Killed Psyche
 11794 | D:8      | Noticed Grum
 11804 | D:8      | Killed Grum
 11845 | D:8      | Killed Prince Ribbit
 11845 | D:8      | Reached XP level 10. HP: 86/86 MP: 14/14
 12005 | D:8      | Killed Gastronok
 12005 | D:8      | Reached ** piety under Fedhas
 12005 | D:8      | Reached skill level 14 in Bows
 13397 | D:9      | Found a shattered altar of Ashenzari.
 13444 | D:9      | Reached XP level 11. HP: 85/94 MP: 13/16
 13955 | D:9      | Noticed a purple ugly thing
 14051 | D:8      | Killed a purple ugly thing
 14149 | D:9      | Reached *** piety under Fedhas
 14228 | D:8      | Reached skill level 15 in Bows
 15212 | D:10     | Entered Level 10 of the Dungeon
 15342 | D:10     | Reached skill level 5 in Dodging
 16005 | D:10     | Noticed a two-headed ogre
 16014 | D:10     | Killed a two-headed ogre
 16146 | D:10     | Reached **** piety under Fedhas
 16487 | D:10     | Found a staircase to the Lair.
 16764 | Lair:1   | Entered Level 1 of the Lair of Beasts
 16774 | Lair:1   | Learned a level 1 spell: Apportation
 16941 | Lair:1   | Noticed a five-headed hydra
 16969 | Lair:1   | Killed a five-headed hydra
 16969 | Lair:1   | Reached skill level 5 in Polearms
 17000 | Lair:1   | Reached skill level 1 in Translocations
 17651 | Lair:2   | Reached skill level 16 in Bows
 17967 | Lair:2   | Noticed Fannar
 18036 | Lair:2   | Killed Fannar
 18036 | Lair:2   | Reached XP level 12. HP: 69/104 MP: 9/18
 19513 | Lair:2   | Slain by a black mamba

Levels and vault maps discovered:
D:1:      nicolae_arrival_somewhat_less_tricky_arrival, layout_basic
D:2:      layout_rooms, uniq_jessica, uniq_sigmund
D:3:      layout_basic, grunt_temple_overflow_open, first_ration
D:4:      layout_loops_ring, nemelex_xobeh_ov_fountains_minmay,
          old_standard_altar, fedhas_bush_and_centaur_altar,
          gammafunk_ghost_mausoleum, lightli_ossuary_entry_decrepit_ruins,
          serial_shops, kennysheep_mini_moat, kennysheep_dice
D:5:      layout_loops_ring, bh_walls_and_bars
D:6:      layout_basic, minmay_misc_feat_doors
D:7:      kennysheep_big_flooded_room, layout_basic,
          nicolae_overflow_crystal_walls, minmay_temple_entry_overgrown
D:8:      layout_cave_pools, grunt_livestock, uniq_psyche, uniq_grum,
          uniq_gastronok, uniq_prince_ribbit1
D:9:      layout_gridville, ashenzari_conservatory_becter
D:10:     layout_gridville, grunt_lair_entry_orc_guard_hut
Lair:1:   layout_chaotic_city
Lair:2:   layout_hall_layers, uniq_fannar
Lair:3:   layout_layer_cave, minmay_swamp_entry_eels,
          minmay_snake_entry_six_corridors, eino_house_with_fridge

Skill      XL: |  1  2  3  4  5  6  7  8  9 10 11 12 |
---------------+-------------------------------------+-----
Bows           | 6 7 9 10 12 13 14 16 | 16.6
Fighting       | 3 4 5 6 7 8 9 |  9.5
Invocations    | 1 3 5 6 7 8 9 |  9.0
Dodging        | 3 4 5 |  5.0
Polearms       | 1 3 5 |  5.9
Translocations | 2 3 |  3.0
Stealth        | |  0.4

Action                   |  1- 3 |  4- 6 |  7- 9 | 10-12 || total
-------------------------+-------+-------+-------+-------++-------
Melee: Short sword       |    71 |    36 |   332 |       ||   439
       Kick              |    14 |    10 |   112 |    35 ||   171
       Spear             |       |       |   140 |   151 ||   291
 Fire: Shortbow          |    13 |   118 |   183 |   597 ||   911
Throw: Stone             |     6 |     4 |       |       ||    10
       Dart              |       |     7 |     2 |       ||     9
       Boomerang         |       |     1 |     5 |       ||     6
Invok: Lesser Healing    |       |       |     2 |       ||     2
       Wall of Briars    |       |       |       |     3 ||     3
       Grow Ballistomyce |       |       |       |     1 ||     1
  Use: Scroll            |       |       |     7 |     2 ||     9
       Potion            |       |       |       |     1 ||     1
  Eat: Chunk             |     1 |     5 |    14 |    18 ||    38
       Ration            |       |       |     3 |       ||     3
Armor: Leather armour    |    41 |     7 |    99 |       ||   147
       Robe              |       |       |    63 |    36 ||    99
Dodge: Dodged            |    46 |    31 |   243 |   101 ||   421

Table legend:
 A = Non-vault XP
 B = Vault XP
 C = Vault XP percentage of total XP
 D = Non-vault monster count
 E = Vault monster count
 F = Vault count percentage of total count
                 A         B        C        D         E       F
            +---------+---------+-------+---------+---------+-------
      Total |   18918 |    7371 |  28.0 |     244 |      62 |  20.3
            +---------+---------+-------+---------+---------+-------
        D:1 |     168 |       0 |   0.0 |      18 |       0 |   0.0
        D:2 |     143 |     260 |  64.5 |      21 |       2 |   8.7
        D:3 |     242 |       0 |   0.0 |      22 |       0 |   0.0
        D:4 |     488 |       3 |   0.6 |      21 |       1 |   4.5
        D:5 |     222 |       0 |   0.0 |      14 |       0 |   0.0
        D:6 |     670 |       0 |   0.0 |      13 |       0 |   0.0
        D:7 |     758 |    1688 |  69.0 |      19 |       6 |  24.0
        D:8 |    2013 |    3675 |  64.6 |      22 |       8 |  26.7
        D:9 |    3194 |       0 |   0.0 |      33 |       0 |   0.0
       D:10 |    2496 |     644 |  20.5 |      25 |       6 |  19.4
     Lair:1 |    2624 |       0 |   0.0 |      10 |       0 |   0.0
     Lair:2 |    5600 |     816 |  12.7 |      24 |       1 |   4.0
     Lair:3 |     300 |       0 |   0.0 |       2 |       0 |   0.0
    Ossuary |       0 |     285 | 100.0 |       0 |      38 | 100.0
            +---------+---------+-------+---------+---------+-------
